 Dungeon Crawl Stone Soup version 0.31-a0-844-gdc52ec4e09 (webtiles) character file.

Game seed: 9087996130189074261

7711 lunkers the Martial Artist (level 11, -12/91 HPs)
             Began as a Meteoran Shapeshifter on Sept 28, 2023.
             Was a High Priest of Okawaru.
             Mangled by an orc warrior
             ... wielding a +0 flail
              (13 damage)
             ... on level 1 of the Orcish Mines.
             The game lasted 00:13:57 (4371 turns).

lunkers the Martial Artist (Meteoran Shapeshifter)  Turns: 4371, Time: 00:13:58

Health: -12/91     AC: 13    Str: 16    XL:     11   Next: 69%
Magic:  14/14      EV: 19    Int: 11    God:    Okawaru [*****.]
Gold:   531        SH:  0    Dex: 19    Spells: 10/10 levels left

rFire   . .          .
                       - Unarmed
rCold   . . .        (shield currently unavailable)
rNeg    . . .        u - +0 ring mail
rPois   .            h - +2 helmet {SInv}
rElec   .            e - +1 cloak
rCorr   .            z - +2 pair of gloves
SInv    +            (no boots)
Will    +....        (no amulet)
Stlth   +            r - ring of flight
HPRegen 0.35/turn    g - +5 ring of evasion
MPRegen 0.14/turn

%: no passive effects
@: flux-form, flying, slowed, glowing, very slow
A: glow, contaminating, sense surroundings 2, otherworldly, glowing, explore
regen
a: Begin Untransformation, Renounce Religion, Heroism, Finesse, Duel


You were on level 1 of the Orcish Mines.
You worshipped Okawaru.
Okawaru was extremely pleased with you.
You were something dangerously unstable.
You visited 3 branches of the dungeon, and saw 12 of its levels.
You also visited: Sewer.

You collected 531 gold pieces.

Inventory:

Missiles
 l - a throwing net
Armour
 a - a +0 animal skin
 e - a +1 cloak (worn)
 h - a +2 helmet of see invisible (worn)
 s - a +0 pair of boots
 u - a +0 ring mail (worn)
 z - a +2 pair of gloves (worn)
Jewellery
 g - a +5 ring of evasion (right hand)
 p - a +6 ring of intelligence
 r - a ring of flight (left hand)
Talismans
 c - a beast talisman
 d - a flux talisman (active)
 E - a maw talisman
Wands
 x - a wand of iceblast (3)
 y - a wand of flame (15)
 B - a wand of quicksilver (8)
Scrolls
 m - a scroll of brand weapon
 t - 4 scrolls of teleportation
 w - a scroll of fog
 A - a scroll of revelation
 C - a scroll of vulnerability
 G - a scroll of blinking {unknown}
Potions
 b - 7 potions of enlightenment
 f - 3 potions of might
 i - 4 potions of curing
 j - a potion of resistance {unknown}
 k - 2 potions of brilliance
 n - a potion of mutation
 o - a potion of berserk rage
 q - a potion of heal wounds
 v - a potion of attraction
 D - 2 potions of invisibility {unknown}
 F - a potion of cancellation {unknown}


   Skills:
 + Level 6.6 Fighting
 + Level 7.0 Dodging
 * Level 14.3 Unarmed Combat
 + Level 2.9 Invocations
 + Level 9.9 Shapeshifting


You had 10 spell levels left.
You didn't know any spells.
Your spell library contained the following spells:

 Spells                   Type           Power      Damage    Failure   Level
 Apportation              Tloc           0%         N/A       56%         1
 Necrotise                Necr           0%         1d4       56%         1
 Shock                    Conj/Air       0%         1d3       56%         1
 Sting                    Tmut/Pois      0%         1d3       56%         1
 Cigotuvi's Dreadful Rot  Necr/Pois/Air  0%         N/A       71%         2
 Poisonous Vapours        Pois/Air       0%         N/A       71%         2
 Ignite Poison            Fire/Tmut/Pois 0%         N/A       90%         3
 Swiftness                Air            0%         N/A       90%         3
 Airstrike                Air            0%         2d(0-16)  100%        4
 Olgreb's Toxic Radiance  Pois           0%         N/A       100%        4
 Passage of Golubria      Tloc           0%         N/A       100%        4
 Freezing Cloud           Conj/Ice/Air   0%         6-21      100%        5
 Yara's Violent Unravell  Hex/Tmut       0%         3d3       100%        5
 Orb of Destruction       Conj           0%         9d5       100%        7
 Summon Small Mammal      Summ           Unusable   N/A       N/A         1
 Summon Guardian Golem    Hex/Summ       Unusable   N/A       N/A         3
 Tukima's Dance           Hex            Unusable   N/A       N/A         3
 Spellforged Servitor     Conj/Summ      Unusable   N/A       N/A         7

Dungeon Overview and Level Annotations

Branches:
Dungeon (10/15) Zot: 2203  Temple (1/1) D:4 Zot: 587     Orc (1/2) D:10 Zot: 559
  Sewer (visited)
   Lair: D:8-11

Altars:
Ashenzari
Cheibriados
Dithmenos
Elyvilon
Fedhas
Gozag
Hepliaklqana
Kikubaaqudgha
Makhleb
Nemelex Xobeh
Okawaru
Qazlal
Ru
Sif Muna
Trog
Uskayaw
Vehumet
Wu Jian
Xom
Yredelemnul

Shops:
D:2 [   D:5 *   D:7 :   D:10 (

Annotations:
D:8 Grum
Orc:1 Sonja


Innate Abilities, Weirdness & Mutations

You are something dangerously unstable.
You glow with magical radiation, making you easy to see and hit.
Foes you strike become dangerously contaminated with magical radiation.
You are incapable of wielding weapons or throwing items.
You passively map the area around you.
You are easily found by Zot.
You glow in the dark.
You regain HP and MP as you explore.


Message History

The orc shouts!
You hear a shout!
Sonja casts a spell.
Sonja blinks!
An orc comes into view. It is wielding a +0 club.
The orc priest mumbles some strange prayers to Beogh against you.
Beogh smites you!
* * * LOW HITPOINT WARNING * * *
The orc shouts!
As you read the scroll of fear, it crumbles to dust.
You assume a fearsome visage.
The orc warrior looks frightened!
The orc wizard looks frightened!
The orc looks frightened! x2
The orc priest looks frightened!
The orc looks frightened!
The orc priest looks frightened!
The orc looks frightened!
The orc warrior resists with some effort.
You feel sick.
You hear a shout!
You feel sick.
Sonja mumbles some strange words.
Sonja blinks!
The orc warrior hits you but does no damage.
You feel sick.
Sonja throws a curare-tipped dart.
The curare-tipped dart barely misses you.
You feel sick.
You are no longer poisoned.
The orc warrior completely misses you.
An orc comes into view. It is wielding a +0 hand axe.
Sonja mumbles some strange words.
Sonja blinks!
An orc warrior and an orc come into view.
The orc warrior shouts!
The orc shouts!
An orc wizard comes into view. It is wielding a +0 dagger.
The orc warrior completely misses you.
The orc wizard shouts!
The ogre shouts!
The orc wizard mumbles some strange words.
The orc wizard flickers and vanishes for a moment.
The orc warrior misses you.
The orc warrior hits you from afar with a +0 trident!
* * * LOW HITPOINT WARNING * * *
The orc warrior hits you with a +0 flail!
You die...

..oo............$.###*
#o...)...).K.......##
#....)...)()........#
#.$#.$$..).........# ,
..o........)..$.....###
,
...$$..........#.....$#*
,$........#.............
,............o#.#..###..
.$.#.#...##o.p....##. ,*
..##...##...o........
..... #..o.........* ,,
.........oO.......# , *
.#............#.## ,
#.........##### ,,
........... ,
...........# ,
,............, *


You could see Sonja, 2 orc warriors, an ogre, an orc wizard (invisible) and 2
orcs.

Vanquished Creatures
  Erolcha (Orc:1)
  Nergalle (Orc:1)
  An orc knight (D:10)
  A gargoyle (D:7)
  A vampire (D:9)
  13 yaks
  A steam dragon (D:7)
  A water moccasin (D:7)
  An acid dragon (D:9)
  2 black bears
  6 orc warriors
  3 ogres
  3 wolves
  3 centaurs
  A phantom (D:6)
  2 kobold brigands
  3 bullfrogs
  A scorpion (D:4)
  8 killer bees
  A howler monkey (D:7)
  A jelly (D:7)
  A hound (D:6)
  2 gnoll boudas
  5 orc priests
  4 iguanas
  A sleepcap (D:6)
  13 orc wizards
  A sickly merfolk siren (Sewer)
  A malarious merfolk avatar (Sewer)
  8 gnolls
  4 river rats
  11 adders
  2 white imps
  An ufetubus (D:6)
  2 dart slugs
  2 worms
  29 orcs
  8 endoplasms
  3 giant cockroaches
  2 goblins (D:4)
  4 hobgoblins
  4 jackals (D:1)
  2 quokkas (Sewer)
  10 ball pythons
  2 bats (D:1)
  3 frilled lizards
  11 kobolds
  27 rats
  A butterfly (D:6)
219 creatures vanquished.

Vanquished Creatures (others)
  2 howler monkeys (D:7)
2 creatures vanquished.

Grand Total: 221 creatures vanquished

Notes
Turn   | Place    | Note
-------+----------+-------------------------------------------
     0 | D:1      | lunkers the Meteoran Shapeshifter began the quest for the
                  | Orb.
     0 | D:1      | Reached XP level 1. HP: 16/16 MP: 2/2
   126 | D:1      | Reached XP level 2. HP: 20/23 MP: 3/3
   171 | D:1      | Reached skill level 4 in Unarmed Combat
   203 | D:1      | Reached XP level 3. HP: 3/28 MP: 4/4
   450 | D:2      | Found Rekkagogh's Armour Shop.
   471 | D:2      | You fall into a shaft and drop 2 floors!
   644 | D:3      | Reached XP level 4. HP: 31/35 MP: 5/5
   653 | D:3      | Reached skill level 5 in Unarmed Combat
   656 | D:3      | Found a glowing drain.
   665 | Sewer    | Entered a sewer
   750 | Sewer    | Reached XP level 5. HP: 4/40 MP: 6/6
   898 | Sewer    | Reached skill level 6 in Unarmed Combat
   908 | Sewer    | Reached XP level 6. HP: 35/47 MP: 7/7
  1177 | D:4      | Found a staircase to the Ecumenical Temple.
  1215 | D:4      | Reached skill level 5 in Shapeshifting
  1485 | Temple   | Entered the Ecumenical Temple
  1491 | Temple   | Became a worshipper of Warmaster Okawaru
  1643 | D:4      | Reached skill level 7 in Unarmed Combat
  1652 | D:5      | Entered Level 5 of the Dungeon
  1662 | D:5      | Reached XP level 7. HP: 52/52 MP: 8/8
  1741 | D:5      | Reached skill level 8 in Unarmed Combat
  1805 | D:5      | Found Dycs's Overcharged Wands.
  1833 | D:5      | Reached * piety under Okawaru
  1834 | D:5      | Reached XP level 8. HP: 29/59 MP: 9/9
  1874 | D:5      | Reached skill level 9 in Unarmed Combat
  2073 | D:6      | Found a basalt altar of Yredelemnul.
  2191 | D:6      | Reached skill level 10 in Unarmed Combat
  2201 | D:6      | Reached ** piety under Okawaru
  2206 | D:6      | Gained mutation: You passively map the area around you.
                  | [Meteoran growth]
  2206 | D:6      | Reached XP level 9. HP: 10/64 MP: 10/10
  2354 | D:6      | Found a white marble altar of Elyvilon.
  2439 | D:6      | Found a shimmering altar of Xom.
  2526 | D:7      | Found an ornate altar of the Wu Jian Council.
  2571 | D:7      | Reached skill level 11 in Unarmed Combat
  2722 | D:7      | Found Zoixtotz's Book Shop.
  2807 | D:7      | Reached *** piety under Okawaru
  2924 | D:8      | Noticed a gargoyle
  2938 | D:7      | Killed a gargoyle
  2939 | D:7      | Reached XP level 10. HP: 31/78 MP: 8/11
  3051 | D:8      | Reached skill level 12 in Unarmed Combat
  3069 | D:8      | Reached **** piety under Okawaru
  3164 | D:8      | Noticed Grum
  3170 | D:8      | Reached skill level 5 in Dodging
  3525 | D:9      | Reached skill level 5 in Fighting
  3707 | D:9      | Reached skill level 13 in Unarmed Combat
  3731 | D:9      | Found a hazy altar of Hepliaklqana.
  3899 | D:9      | Reached ***** piety under Okawaru
  3900 | D:9      | Reached XP level 11. HP: 50/88 MP: 12/12
  4168 | D:10     | Entered Level 10 of the Dungeon
  4172 | D:10     | Found Ycech's Weapon Emporium.
  4177 | D:10     | Noticed an orc knight
  4179 | D:10     | Found a staircase to the Orcish Mines.
  4193 | D:10     | HP: 2/89 [orc knight/+0 great mace (15)]
  4283 | D:10     | Killed an orc knight
  4284 | D:10     | Reached skill level 1 in Invocations
  4295 | D:10     | Reached skill level 14 in Unarmed Combat
  4336 | Orc:1    | Entered Level 1 of the Orcish Mines
  4336 | Orc:1    | Noticed Sonja
  4338 | Orc:1    | Noticed Nergalle
  4345 | Orc:1    | Killed Nergalle
  4345 | Orc:1    | Received a gift from Okawaru
  4353 | Orc:1    | Noticed Erolcha
  4363 | Orc:1    | Killed Erolcha
  4371 | Orc:1    | HP: 1/91 [orc warrior/+0 trident (9)]
  4371 | Orc:1    | Mangled by an orc warrior

Illustrated notes

Levels and vault maps discovered:
D:1:      saegor_arrival_simple_e, layout_rooms
D:2:      layout_loops_ring, serial_shops, shop, st_stairs_7, minmay_cut_off,
          uniq_natasha
D:3:      layout_basic, gup_sewer_entry_bubbles,
          hellmonk_ecumenical_altar_dog_temple, minmay_stone_trees_medium,
          chequers_serial_rivers_small_a
D:4:      layout_loops_ring, temple_doors_e, hex_large, chequers_jeans
D:5:      layout_rooms, nicolae_shop_overcharged_wands
D:6:      layout_loops_ring, xom_butterflies, elyvilon_altar_1,
          general_overflow_altar, grunt_ministairs_14, minmay_fountain_box,
          kennysheep_cross_room
D:7:      layout_rooms, nzn_wu_jian_council_hall, serial_shops, shop
D:8:      layout_rooms, gammafunk_temple_overflow_wave, enter_bailey_3,
          uniq_grum
D:9:      layout_irregular_city, mainiacjoe_overflow_brackets
D:10:     layout_roguey, erik_lair_island, orc_david_3, chequers_mini_garden,
          nzn_random_ring, uniq_maurice
Temple:   hellmonk_temple_two_chambers
Orc:1:    layout_caves, uniq_sonja, uniq_nergalle, uniq_erolcha

Skill      XL: |  1  2  3  4  5  6  7  8  9 10 11 |
---------------+----------------------------------+-----
Unarmed Combat | 4 5 6 7 8 10 11 13 14 | 14.3
Shapeshifting  | 4 5 6 7 8 9 |  9.9
Fighting       | 3 5 6 |  6.6
Dodging        | 4 5 7 |  7.0
Invocations    | 2 |  2.9

Action                     |  1- 3 |  4- 6 |  7- 9 | 10-12 || total
---------------------------+-------+-------+-------+-------++-------
  Melee: Unarmed           |    68 |   146 |   254 |   280 ||   748
         Punch             |     1 |     3 |     3 |       ||     7
 Invoke: Heroism           |       |       |     1 |     3 ||     4
  Evoke: Wand              |       |       |       |     3 ||     3
    Use: Potion            |       |     1 |     1 |     1 ||     3
         Scroll            |       |     6 |    11 |     2 ||    19
 Armour: Animal skin       |    35 |    37 |    27 |       ||    99
         Skin              |       |     5 |       |       ||     5
         Ring mail         |       |       |   145 |   139 ||   284
  Dodge: Dodged            |    63 |   100 |   250 |   269 ||   682
   Form: Flux              |       |       |     1 |       ||     1

Table legend: (Time is in decaauts)
 A = Elapsed time spent in this place.
 B = Non-inter-level travel time spent in this place.
 C = Inter-level travel time spent in this place.
 D = Time resting spent in this place.
 E = Time spent auto-exploring this place.
 F = Levels seen in this place.
 G = Mean time per level.
                   A        B        C        D        E       F      G
               +--------+--------+--------+--------+--------+-----+--------+
         Total |   4243 |   4052 |    191 |     87 |   2201 |  13 |  326.4 |
       Dungeon |   3796 |   3605 |    191 |     50 |   2041 |  10 |  379.6 |
        Temple |     12 |     12 |      0 |      0 |      0 |   1 |   12.0 |
  Orcish Mines |     39 |     39 |      0 |      0 |      0 |   1 |   39.0 |
         Sewer |    395 |    395 |      0 |     37 |    160 |   1 |  395.0 |
               +--------+--------+--------+--------+--------+-----+--------+

Top non-repeatable levels by time:
     D:9: 731 daAuts
     D:7: 630 daAuts
     D:6: 564 daAuts
     D:4: 521 daAuts
     D:1: 398 daAuts
   Sewer: 395 daAuts
     D:8: 319 daAuts
     D:5: 251 daAuts
     D:3: 233 daAuts
    D:10: 78 daAuts
     D:2: 67 daAuts
   Orc:1: 39 daAuts
  Temple: 12 daAuts
